 Dungeon Crawl Stone Soup version 0.28-a0-851-g8b9cc49659 (webtiles) character file.

Game seed: 13070189969089001130

14952 ragingrage the Spear-Bearer (level 12, -8/97 HPs)
             Began as a Merfolk Brigand on Nov 14, 2021.
             Was an Elder of Okawaru.
             Mangled by a blink frog (17 damage)
             ... on level 3 of the Lair of Beasts.
             The game lasted 00:21:39 (12927 turns).

ragingrage the Spear-Bearer (Merfolk Brigand)      Turns: 12927, Time: 00:21:40

Health: -8/97      AC:  4    Str: 16    XL:     12   Next: 21%
Magic:  10/12      EV: 20    Int: 10    God:    Okawaru [****..]
Gold:   454        SH: 13    Dex: 16    Spells: 11/11 levels left

rFire   x . .      SeeInvis .   b - +1 rapier (elec)
rCold   + . .      Faith    .   o - +2 kite shield
rNeg    . . .      Spirit   .   D - +0 robe
rPois   .          Reflect  .   (no helmet)
rElec   .          Harm     .   c - +0 cloak
rCorr   .          Rampage  .   n - +0 pair of gloves
Will    .....                   (no boots)
Stlth   +++++.....              N - amulet of regeneration
HPRegen 1.26/turn               M - ring of ice
MPRegen 0.13/turn               S - +4 ring of slaying

@: silenced, heroic
A: (nimble swimmer 2), mertail
a: Renounce Religion


You were on level 3 of the Lair of Beasts.
You worshipped Okawaru.
Okawaru was greatly pleased with you.
You visited 3 branches of the dungeon, and saw 13 of its levels.

You collected 559 gold pieces.
You spent 105 gold pieces at shops.

Inventory:

Hand Weapons
 a - a +2 dagger
 b - a +1 rapier of electrocution (weapon)
 I - a +0 spear
Missiles
 d - 5 poisoned darts
 e - 7 curare-tipped darts
 j - 272 stones
 s - 2 silver javelins
 W - 3 boomerangs (quivered)
 X - 4 javelins
 Y - 6 atropa-tipped darts
Armour
 c - a +0 cloak (worn)
 n - a +0 pair of gloves (worn)
 o - a +2 kite shield (worn)
 D - a +0 robe (worn)
Jewellery
 g - an amulet of the acrobat
 l - a ring of positive energy
 r - a ring of protection from fire
 L - a +4 ring of evasion
 M - a ring of ice (left hand)
 N - an amulet of regeneration (around neck)
 O - a ring of willpower
 Q - a ring of poison resistance
 S - a +4 ring of slaying (right hand)
Wands
 i - a wand of polymorph (7)
 p - a wand of digging (11)
 v - a wand of flame (49)
 K - a wand of iceblast (2)
 P - a wand of mindburst (6)
 V - a wand of acid (12)
Scrolls
 f - 5 scrolls of magic mapping
 m - 2 scrolls of identify
 u - a scroll of summoning {unknown}
 x - 3 scrolls of vulnerability
 y - 5 scrolls of fog
 B - 5 scrolls of enchant armour
 E - 2 scrolls of fear
 G - a scroll of blinking {unknown}
 R - a scroll of holy word {unknown}
 U - a scroll of teleportation
Potions
 h - 6 potions of curing
 k - a potion of haste {unknown}
 q - 4 potions of flight
 t - 3 potions of brilliance
 w - 2 potions of heal wounds
 z - 2 potions of lignification
 A - 2 potions of attraction
 F - 2 potions of might
 J - 2 potions of invisibility
Miscellaneous
 T - a piece from Xom's chessboard (14/15)


   Skills:
 - Level 10.0(15.0) Fighting
 - Level 2.4(7.4) Short Blades
 * Level 14.4(19.4) Polearms
 - Level 8.0(13.0) Throwing
 - Level 11.0(16.0) Dodging
 - Level 10.0(15.0) Stealth
 + Level 3.9(8.9) Shields


You had 11 spell levels left.
You didn't know any spells.
Your spell library contained the following spells:

 Spells                   Type           Power      Damage    Failure   Level
 Slow                     Hex            0%         N/A       63%         1
 Confusing Touch          Hex            0%         N/A       94%         3
 Vampiric Draining        Necr           0%         2d6       94%         3
 Olgreb's Toxic Radiance  Pois           0%         N/A       100%        4
 Passage of Golubria      Tloc           0%         N/A       100%        4
 Yara's Violent Unravell  Hex/Tmut       0%         3d3       100%        5
 Ozocubu's Refrigeration  Ice            0%         4d5       100%        7
 Ignition                 Fire           0%         3d3       100%        8
 Summon Small Mammal      Summ           Unusable   N/A       N/A         1
 Tukima's Dance           Hex            Unusable   N/A       N/A         3

Dungeon Overview and Level Annotations

Branches:
Dungeon (9/15)             Temple (1/1) D:4            Lair (3/6) D:8
  Swamp: Lair:2-4    Shoals: Lair:2-4     Snake: Lair:2-4    Spider: Lair:2-4
    Orc: D:9-12

Altars:
Ashenzari
Dithmenos
Elyvilon
Fedhas
Gozag
Hepliaklqana
Kikubaaqudgha
Makhleb
Nemelex Xobeh
Okawaru
Qazlal
Ru
Sif Muna
Trog
Uskayaw
Vehumet
Wu Jian
Xom
Yredelemnul
The Shining One

Shops:
D:7 !   D:9 =

Annotations:
D:5 exclusion: downstairs


Innate Abilities, Weirdness & Mutations

((You are quick and stealthy near water. (Stealth+, EV+, Speed+++)))
Your lower body shifts to a powerful aquatic tail in water.


Message History

The water moccasin bites you.
You are more poisoned.
The water moccasin poisons you! You block the water moccasin's attack.
You hit the water moccasin.
The water moccasin is lightly wounded.
You feel extremely sick. You block the water moccasin's attack.
The blink frog hits you but does no damage.
The water moccasin bites you! You block the blink frog's attack.
You puncture the water moccasin!
The water moccasin is heavily wounded.
You feel extremely sick. The water moccasin barely misses you.
The blink frog hits you!
* * * LOW HITPOINT WARNING * * *
The water moccasin bites you.
* * * LOW HITPOINT WARNING * * *
You hit the blink frog.
The blink frog is moderately wounded.
You feel very sick.
The blink frog blinks!
The water moccasin barely misses you.
The blink frog blinks! x2; You block the water moccasin's attack.
You barely miss the water moccasin.
The water moccasin is heavily wounded.
You feel very sick. You block the water moccasin's attack.
The water moccasin closely misses you.
You feel better.
A blink frog comes into view.
The water moccasin barely misses you.
You gain the combat prowess of a mighty hero.
The blink frog closely misses you.
The blink frog blinks!
You block the water moccasin's attack. The blink frog hits you!
* * * LOW HITPOINT WARNING * * *
The blink frog gives a loud, deep croak! x2
You make a move on Xom's chessboard...
The blink frog appears confused.
You block the water moccasin's attack.
The blink frog blinks!
You block the blink frog's attack. The water moccasin closely misses you.
As you read the scroll labelled YGUCVI GUBO, it crumbles to dust.
A profound silence engulfs you.
It was a scroll of silence.
The blink frog blinks!
The blink frog hits you!
You die...

#P......#.###..##....PP...##
#...P......
#...##.....###.............
...[....#
#....#...#.........#..


You could see 3 blink frogs and 2 water moccasins.

Vanquished Creatures
  A hydra (Lair:3)
  Urug (Lair:2)
  7 elephants
  4 cane toads
  4 komodo dragons
  2 rime drakes
  A polar bear (Lair:3)
  A troll (D:9)
  Grinder (D:6)
  A hornet (D:7)
  9 blink frogs
  Prince Ribbit (D:5)
  A shadow (D:9)
  8 yaks
  Eustachio (D:5)
  A basilisk (D:8)
  15 water moccasins
  2 orc warriors
  2 sky beasts
  2 black bears (D:8)
  An ice beast (D:5)
  A necrophage (D:5)
  An ogre (D:4)
  3 centaurs
  A kobold brigand (D:7)
  A phantom (D:7)
  11 bullfrogs
  2 scorpions
  A wyvern skeleton (D:7)
  A centaur zombie (D:6)
  2 howler monkeys (D:7)
  A bullfrog zombie (D:6)
  2 centaur skeletons (D:6)
  2 jellies (D:6)
  2 orc priests
  4 hounds
  A gnoll shaman (D:6)
  3 iguanas
  An orc wizard (D:8)
  A killer bee zombie (D:7)
  A howler monkey zombie (D:7)
  3 gnolls
  12 adders
  2 ufetubi
  An adder skeleton (D:5)
  2 worms
  2 dart slugs
  20 orcs
  8 endoplasms
  4 giant cockroaches
  7 goblins
  3 hobgoblins
  7 jackals
  5 quokkas
  8 ball pythons
  4 bats
  6 frilled lizards
  16 kobolds
  6 rats
  A spectral orc (D:5)
225 creatures vanquished.

Vanquished Creatures (others)
  10 fungi
  24 plants
34 creatures vanquished.

Grand Total: 259 creatures vanquished

Notes
Turn   | Place    | Note
-------+----------+-------------------------------------------
     0 | D:1      | ragingrage the Merfolk Brigand began the quest for the Orb.
     0 | D:1      | Reached XP level 1. HP: 16/16 MP: 1/1
   197 | D:1      | Found a faded altar of an unknown god.
   210 | D:1      | Got Plato's Compendium of Creation
   262 | D:1      | Reached XP level 2. HP: 21/23 MP: 2/2
   697 | D:1      | Reached XP level 3. HP: 28/28 MP: 3/3
  1505 | D:2      | Reached XP level 4. HP: 35/35 MP: 4/4
  2454 | D:3      | You fall into a shaft and drop 3 floors!
  2454 | D:6      | Noticed Grinder
  2460 | D:6      | Paralysed by Grinder for 7 turns
  2467 | D:5      | Entered Level 5 of the Dungeon
  2543 | D:5      | Reached XP level 5. HP: 41/41 MP: 5/5
  2897 | D:4      | Noticed an ogre
  2914 | D:4      | Killed an ogre
  2915 | D:4      | Reached skill level 5 in Stealth
  2915 | D:4      | Reached XP level 6. HP: 48/48 MP: 6/6
  3799 | D:4      | Found a staircase to the Ecumenical Temple.
  4784 | D:4      | Reached XP level 7. HP: 55/55 MP: 7/7
  4980 | D:5      | Reached skill level 5 in Dodging
  5218 | D:5      | Found a hide-covered altar of Uskayaw.
  5274 | D:5      | Noticed Eustachio
  5290 | D:5      | Killed Eustachio
  5416 | D:5      | Noticed Prince Ribbit
  5427 | D:5      | Killed Prince Ribbit
  5428 | D:5      | Reached skill level 5 in Fighting
  5551 | D:5      | Reached XP level 8. HP: 59/63 MP: 8/8
  5627 | D:5      | Reached skill level 5 in Throwing
  5690 | D:5      | Found a basalt altar of Yredelemnul.
  5976 | D:6      | Found an opulent altar of Gozag.
  6413 | D:6      | Killed Grinder
  6963 | D:7      | Reached XP level 9. HP: 63/71 MP: 9/9
  7319 | D:7      | Reached skill level 1 in Polearms
  7561 | D:7      | Reached skill level 2 in Polearms
  7776 | D:7      | Found Golob's Distillery.
  7785 | D:7      | Bought a potion of curing for 45 gold pieces
  7785 | D:7      | Bought a potion of might for 60 gold pieces
  7815 | D:7      | Reached skill level 3 in Polearms
  8117 | D:7      | Noticed a hornet
  8175 | D:7      | Killed a hornet
  8176 | D:7      | Reached skill level 4 in Polearms
  8528 | Temple   | Entered the Ecumenical Temple
  8788 | Temple   | Became a worshipper of Warmaster Okawaru
  8977 | D:8      | Found a bloodstained altar of Trog.
  9018 | D:8      | Reached skill level 5 in Polearms
  9037 | D:8      | Found a glowing golden altar of the Shining One.
  9073 | D:8      | Found a sparkling altar of Nemelex Xobeh.
  9117 | D:8      | Found a shimmering altar of Xom.
  9338 | D:8      | Reached skill level 6 in Polearms
  9338 | D:8      | Reached XP level 10. HP: 61/79 MP: 10/10
  9479 | D:8      | Reached * piety under Okawaru
  9571 | D:8      | Found a staircase to the Lair.
  9592 | D:8      | Reached skill level 7 in Polearms
  9634 | D:8      | Noticed an elephant
  9648 | D:8      | Killed an elephant
 10003 | D:9      | Found Piusur's Jewellery Emporium.
 10091 | D:9      | Noticed a boulder beetle
 10195 | D:9      | Reached skill level 8 in Polearms
 10264 | D:9      | Reached ** piety under Okawaru
 10489 | Lair:1   | Entered Level 1 of the Lair of Beasts
 10537 | Lair:1   | Reached skill level 9 in Polearms
 10668 | Lair:1   | Reached skill level 10 in Dodging
 10766 | Lair:1   | Reached skill level 10 in Polearms
 10820 | Lair:1   | Reached XP level 11. HP: 87/87 MP: 11/11
 10821 | Lair:1   | Reached skill level 10 in Stealth
 10823 | Lair:1   | Reached *** piety under Okawaru
 10965 | Lair:1   | Found a dark tunnel.
 10998 | Lair:1   | Noticed a seven-headed hydra
 11021 | Lair:1   | Reached skill level 11 in Polearms
 11462 | Lair:2   | Reached skill level 12 in Polearms
 11490 | Lair:2   | Reached **** piety under Okawaru
 11712 | Lair:2   | Noticed Urug
 11735 | Lair:2   | Killed Urug
 11736 | Lair:2   | Reached skill level 1 in Shields
 11827 | Lair:2   | Received a gift from Okawaru
 11945 | Lair:2   | Received a gift from Okawaru
 11959 | Lair:2   | Reached skill level 13 in Polearms
 11967 | Lair:2   | HP: 4/90 [elephant (4)]
 11978 | Lair:2   | Reached skill level 10 in Fighting
 11983 | Lair:2   | Received a gift from Okawaru
 12114 | Lair:2   | Reached XP level 12. HP: 75/97 MP: 12/12
 12742 | Lair:3   | Reached skill level 14 in Polearms
 12810 | Lair:3   | Noticed a four-headed hydra
 12816 | Lair:3   | Killed a four-headed hydra
 12927 | Lair:3   | Mangled by a blink frog

Illustrated notes

Levels and vault maps discovered:
D:1:      lightli_molten_gateway, layout_basic,
          shapermc_ecumenical_altar_rom_forum, grunt_decor_one_mirror
D:2:      layout_rooms, chequers_serial_rivers_micro_a
D:3:      layout_loops_ring
D:4:      layout_basic, minmay_temple_entry_antechambers, serial_rivers,
          chequers_serial_rivers_marsh, chequers_serial_rivers_small_b,
          chequers_serial_rivers_large_b, chequers_serial_rivers_micro_d,
          minmay_fountain_box
D:5:      layout_loops_ring, nicolae_uskayaw_murder_on_the_dancefloor,
          yredelemnul_forgotten_temple_becter, kennysheep_pointless_box,
          uniq_eustachio, uniq_prince_ribbit1
D:6:      layout_cave_pools, grunt_gozag_breadcrumbs,
          kennysheep_generic_room_11, uniq_grinder
D:7:      layout_rooms, serial_shops, nicolae_stop_n_shop_2
D:8:      layout_loops_ring, mainiacjoe_overflow_tiny_flanked,
          mainiacjoe_overflow_six_doors_small, mainiacjoe_overflow_swirl,
          david_lair_generic, minmay_fractal_squares_5
D:9:      layout_roguey, serial_shops, shop, grunt_ogre_cave
Temple:   oiseaux_autumnal_temple
Lair:1:   layout_long_grid, enter_volcano_1
Lair:2:   layout_chaotic_city, minivault_26, uniq_urug
Lair:3:   layout_misc_corridors, minmay_swamp_entry_worms,
          cheibrodos_lair_reptile_den

Skill      XL: |  1  2  3  4  5  6  7  8  9 10 11 12 |
---------------+-------------------------------------+-----
Dodging        | 2 3 4 6 7 8 10 11 | 11.0
Fighting       | 3 4 5 6 7 8 10 | 10.0
Throwing       | 3 4 5 6 7 8 |  8.0
Stealth        | 5 6 7 8 9 10 | 10.0
Polearms       | 6 10 13 14 | 14.4
Shields        | 3 |  3.9
Short Blades   | |  2.4

Action                   |  1- 3 |  4- 6 |  7- 9 | 10-12 || total
-------------------------+-------+-------+-------+-------++-------
Melee: Dagger            |   127 |   182 |    45 |       ||   354
       Rapier            |       |       |   199 |   397 ||   596
Throw: Stone             |     1 |       |     2 |     2 ||     5
       Dart              |       |    14 |    35 |    35 ||    84
       Javelin           |       |       |       |    10 ||    10
       Boomerang         |       |       |       |    17 ||    17
Invok: Heroism           |       |       |       |    11 ||    11
Evoke: Wand              |       |       |     5 |    14 ||    19
       Piece from Xom's  |       |       |       |     1 ||     1
  Use: Potion            |     1 |       |       |     2 ||     3
       Scroll            |       |       |     9 |     8 ||    17
 Stab: Sleeping          |     8 |    11 |    14 |     7 ||    40
       Distracted        |       |       |       |     1 ||     1
Armor: Robe              |    13 |    33 |    49 |    48 ||   143
Dodge: Dodged            |    60 |    85 |   170 |   407 ||   722
Block: Kite shield       |       |    70 |   179 |   325 ||   574

Table legend: (Time is in decaauts)
 A = Elapsed time spent in this place.
 B = Non-inter-level travel time spent in this place.
 C = Inter-level travel time spent in this place.
 D = Time resting spent in this place.
 E = Time spent auto-exploring this place.
 F = Levels seen in this place.
 G = Mean time per level.
                   A        B        C        D        E       F      G
               +--------+--------+--------+--------+--------+-----+--------+
         Total |  13093 |  12474 |    619 |   2439 |   6774 |  13 | 1007.2 |
       Dungeon |  10402 |   9941 |    461 |   2215 |   5556 |   9 | 1155.8 |
        Temple |    262 |    209 |     53 |      0 |    195 |   1 |  262.0 |
          Lair |   2428 |   2324 |    104 |    224 |   1022 |   3 |  809.3 |
               +--------+--------+--------+--------+--------+-----+--------+

Top non-repeatable levels by time:
     D:5: 1751 daAuts
     D:4: 1670 daAuts
     D:8: 1387 daAuts
  Lair:2: 1184 daAuts
     D:1: 1160 daAuts
     D:7: 1080 daAuts
     D:6: 1047 daAuts
     D:2: 931 daAuts
  Lair:1: 924 daAuts
     D:3: 813 daAuts
     D:9: 559 daAuts
  Lair:3: 319 daAuts
  Temple: 262 daAuts
